 Dungeon Crawl Stone Soup version 0.27-a0-860-gaf99fae3ca (webtiles) character file.

Game seed: 9908192458682686223

34 robertstho the Sneak (level 3, -1/36 HPs)
             Began as a Troll Delver on Apr 1, 2021.
             Slain by a water moccasin zombie (5 damage)
             ... on level 5 of the Dungeon.
             The game lasted 00:00:15 (65 turns).

robertstho the Sneak (Troll Delver)                   Turns: 65, Time: 00:00:16

Health: -1/36      AC:  4    Str: 21    XL:     3   Next: 14%
Magic:  2/2        EV: 10    Int:  6    God:
Gold:   0          SH:  0    Dex: 11    Spells: 2/2 levels left

rFire    . . .     SeeInvis .     - Unarmed
rCold    . . .     Faith    .   (no shield)
rNeg     . . .     Spirit   .   a - +0 robe
rPois    .         Reflect  .   (helmet restricted)
rElec    .         Harm     .   (no cloak)
rCorr    .         Rampage  .   (gloves unavailable)
Will     .....                  (boots unavailable)
Stlth    ++........             (no amulet)
HPRegen  1.12/turn              (no ring)
MPRegen  0.08/turn              (no ring)

@: hasted, very quick
A: large, unfitting armour, claws 3, regeneration 1, shaggy fur 1, tough skin 1
a: no special abilities


You were on level 5 of the Dungeon.
You visited 1 branch of the dungeon, and saw 1 of its levels.

Inventory:

Armour
 a - a +0 robe (worn)
Wands
 f - a wand of digging (3)
Scrolls
 b - a scroll of fog
 c - a scroll of magic mapping
 d - a scroll of fear


   Skills:
 + Level 2.6 Fighting
 + Level 1.7 Dodging
 + Level 3.2 Stealth
 + Level 2.2 Unarmed Combat


You had 2 spell levels left.
You didn't know any spells.
Your spell library was empty.

Dungeon Overview and Level Annotations

Branches:
Dungeon (5/15)
 Temple: D:4-7

Altars:


Innate Abilities, Weirdness & Mutations

You are too large for most types of armour.
You have claws for hands.
Your natural rate of healing is unusually fast.
You are covered in fur. (AC +1)
You have tough skin. (AC +1)


Message History

The killer bee zombie hits you.
* * * LOW HITPOINT WARNING * * *
You claw the killer bee zombie!
The killer bee zombie is severely damaged.
The killer bee zombie hits you but does no damage.
You feel yourself speed up. The killer bee zombie hits you.
* * * LOW HITPOINT WARNING * * *
The killer bee zombie barely misses you.
You closely miss the killer bee zombie.
The killer bee zombie is severely damaged.
The killer bee zombie hits you.
* * * LOW HITPOINT WARNING * * *
You barely miss the killer bee zombie.
The killer bee zombie is severely damaged.
The killer bee zombie closely misses you.
You closely miss the killer bee zombie.
The killer bee zombie is severely damaged.
The killer bee zombie barely misses you.
You barely miss the killer bee zombie.
The killer bee zombie is severely damaged.
The killer bee zombie barely misses you. x2
You claw the killer bee zombie!
You destroy the killer bee zombie!
You have reached level 3!
Your experience leads to an increase in your attributes!
Increase (S)trength, (I)ntelligence, or (D)exterity?
You feel stronger. x2
The water moccasin zombie bites you.
* * * LOW HITPOINT WARNING * * *
You claw the water moccasin zombie!
The water moccasin zombie is severely damaged.
The water moccasin zombie bites you.
* * * LOW HITPOINT WARNING * * *
You closely miss the water moccasin zombie.
The water moccasin zombie is severely damaged.
The water moccasin zombie closely misses you.
You scratch the water moccasin zombie.
The water moccasin zombie is almost destroyed.
The water moccasin zombie bites you.
You die...

#.. #.#.# ##..##
#.#.#
.(..#####.#.#
#...........#
#...#####.#.#
.####(... ...#.#
........#######.#
......)..Z#.....#
.####.#.#@#.###.#
.. #.#.#.# #.#
#.# #.#.#.###.# #
#.........#
#.###.##### #.#
#.# #.# #.# #.#
..#


You could see a water moccasin zombie.

Vanquished Creatures
  A killer bee zombie (D:5)
  A hound skeleton (D:5)
  An orc (D:5)
3 creatures vanquished.

Notes
Turn   | Place    | Note
-------+----------+-------------------------------------------
     0 | D:5      | robertstho the Troll Delver began the quest for the Orb.
     0 | D:5      | Reached XP level 1. HP: 22/22 MP: 0/0
     8 | D:5      | Reached skill level 3 in Stealth
     8 | D:5      | Reached XP level 2. HP: 29/29 MP: 1/1
    62 | D:5      | Reached XP level 3. HP: 9/36 MP: 2/2
    65 | D:5      | Slain by a water moccasin zombie

Illustrated notes

Levels and vault maps discovered:
D:5:      layout_loops_ring

Skill      XL: |  1 |
---------------+----+-----
Stealth        | 3 |  3.2
Fighting       | |  2.6
Dodging        | |  1.7
Unarmed Combat | |  2.2

Action                   || total
-------------------------++-------
Melee: Unarmed           ||    21
       Punch             ||     1
  Use: Potion            ||     1
 Stab: Sleeping          ||     1
Armor: Robe              ||     1
Dodge: Dodged            ||    15

Table legend: (Time is in decaauts)
 A = Elapsed time spent in this place.
 B = Non-inter-level travel time spent in this place.
 C = Inter-level travel time spent in this place.
 D = Time resting spent in this place.
 E = Time spent auto-exploring this place.
 F = Levels seen in this place.
 G = Mean time per level.
                   A        B        C        D        E       F      G
               +--------+--------+--------+--------+--------+-----+--------+
         Total |     61 |     61 |      0 |      0 |     33 |   1 |   61.0 |
       Dungeon |     61 |     61 |      0 |      0 |     33 |   1 |   61.0 |
               +--------+--------+--------+--------+--------+-----+--------+

Top non-repeatable levels by time:
     D:5: 61 daAuts
